 Dungeon Crawl Stone Soup version 0.29.1-2-gbd0b4ee654 (webtiles) character file.

Game seed: 16569581803167428165

2775 concernfroge the Fighter (level 9, -3/78 HPs)
             Began as a Mummy Monk on Nov 26, 2022.
             Was an Initiate of Gozag.
             Killed from afar by a gargoyle (24 damage)
             ... with a stone arrow
             ... on level 7 of the Dungeon.
             The game lasted 00:16:48 (7848 turns).

concernfroge the Fighter (Mummy Monk)               Turns: 7848, Time: 00:16:49

Health: -3/78      AC: 12    Str: 18    XL:     9   Next: 42%
Magic:  9/9        EV: 10    Int: 15    God:    Gozag
Gold:   763        SH:  4    Dex: 15    Spells: 8/8 levels left

rFire   x . .      SeeInvis .   a - +2 trident (vamp)
rCold   + . .      Faith    .   h - +1 buckler
rNeg    + + +      Spirit   .   r - +0 scale mail
rPois   ∞          Reflect  .   (no helmet)
rElec   .          Harm     .   q - +0 cloak
rCorr   .          Rampage  .   l - +0 pair of gloves
Will    +....                   (no boots)
Stlth   +.........              (no amulet)
HPRegen 0.23/turn               j - +4 ring of protection
MPRegen 0.11/turn               p - +6 ring of intelligence

@: gold aura
A: cold resistance 1, negative energy resistance 3, torment resistance 2, heat
vulnerability 1, in touch with death 1, no potions
a: Renounce Religion, Potion Petition, Call Merchant, Bribe Branch


You were on level 7 of the Dungeon.
You worshipped Gozag.
Gozag was pleased with you.
You visited 2 branches of the dungeon, and saw 8 of its levels.

You collected 763 gold pieces.

Inventory:

Hand Weapons
 a - a +2 vampiric trident (weapon)
 b - a +0 war axe
 s - a +2 morningstar
Missiles
 t - 3 boomerangs (quivered)
 u - 6 poisoned darts
Armour
 h - a +1 buckler (worn)
 l - a +0 pair of gloves (worn)
 q - a +0 cloak (worn)
 r - a +0 scale mail (worn)
Jewellery
 e - a ring of fire
 j - a +4 ring of protection (left hand)
 p - a +6 ring of intelligence (right hand)
Wands
 g - a wand of light (7)
Scrolls
 d - 3 scrolls of amnesia
 f - 2 scrolls of poison
 i - a scroll of identify
 k - a scroll of teleportation
 m - a scroll of brand weapon
 n - 2 scrolls of fog
 o - a scroll of vulnerability
 v - a scroll of immolation {unknown}


   Skills:
 - Level 10.0 Fighting
 + Level 8.0 Polearms
 - Level 2.4 Dodging
 - Level 1.5 Stealth


You had 8 spell levels left.
You didn't know any spells.
Your spell library was empty.

Dungeon Overview and Level Annotations

Branches:
Dungeon (7/15)             Temple (1/1) D:7

Altars:
Ashenzari
Cheibriados
Dithmenos
Fedhas
Gozag
Hepliaklqana
Kikubaaqudgha
Makhleb
Nemelex Xobeh
Okawaru
Qazlal
Ru
Trog
Uskayaw
Vehumet
Wu Jian
Xom
Yredelemnul

Shops:
D:3 :   D:7 ?

Annotations:
D:4 3 runed translucent doors, Dowan, Duvessa, Pikel


Innate Abilities, Weirdness & Mutations

You are immune to poison.
Your flesh is cold resistant. (rC+)
You are immune to negative energy. (rN+++)
You are immune to unholy pain and torment.
You are vulnerable to heat. (rF-)
You are in touch with the powers of death.
You do not drink.


Message History

* * * LOW HITPOINT WARNING * * *
You puncture the wight!
You destroy the wight!
You barely miss the centaur.
The centaur unwields a +0 shortbow.
The centaur hits you but does no damage.
The centaur kicks you but does no damage.
You puncture the centaur!
The centaur is moderately wounded.
The centaur barely misses you. The centaur closely misses you.
The centaur barely misses you. The centaur closely misses you.
You barely miss the centaur.
The centaur is moderately wounded.
The centaur is distracted by your dazzling golden aura.
The centaur shouts!
You puncture the centaur!
The centaur is no longer distracted by gold.
The centaur is severely wounded.
The centaur hits you but does no damage.
The centaur kicks you but does no damage.
The centaur hits you but does no damage.
The centaur misses you.
You puncture the centaur!
You kill the centaur!
Your Polearms skill increases to level 8!
Items here: $ ))) ? [[.
As you read the scroll of identify, it crumbles to dust.
m - 2 scrolls of brand weapon
As you read the scroll of brand weapon, it crumbles to dust.
Your +0 trident thirsts for the lives of mortals!
a - a +0 vampiric trident (weapon)
As you read the scroll of enchant weapon, it crumbles to dust.
Your +0 vampiric trident glows red for a moment.
The gargoyle hurls a stone arrow at you.
You block the stone arrow.
As you read the scroll of enchant weapon, it crumbles to dust.
Your +1 vampiric trident glows red for a moment.
The gargoyle hurls a stone arrow at you.
The stone arrow hits you!!
You die...
Your body crumbles into a pile of gold.

#........# #.>.#...#
#..#########.#...#.##.
#..##........#.∩.#.##.
#..#.........#...#.##.
#..#.........#####....
######..#?..?.....
........
#.......#.........
........
####.##.#...^.9...
.......# #...##.##@#
.......# #.####.##.#
.......# #.# #.##.#
######## #.####....######
# #.........##...# #
#########.##...###########
#.##.......<....##
#.......(.......##
######..........##


You could see a gargoyle.

Vanquished Creatures
  Prince Ribbit (D:6)
  Grinder (D:6)
  Sigmund (D:4)
  2 wyverns (D:7)
  A black bear (D:6)
  An ice beast (D:5)
  A sky beast (D:6)
  2 centaurs
  3 ogres
  A phantom (D:5)
  A bullfrog (D:5)
  A kobold brigand (D:6)
  2 scorpions
  7 wights
  3 hounds
  3 jellies
  2 orc priests
  Crazy Yiuf (D:5)
  4 orc wizards
  3 gnolls (D:5)
  5 adders
  A shadow imp (D:7)
  2 ufetubi
  3 dart slugs
  9 orcs
  6 bats
  3 endoplasms
  A giant cockroach (D:3)
  5 goblins
  2 hobgoblins (D:1)
  10 kobolds
  2 quokkas
  8 ball pythons
  A frilled lizard (D:1)
  A rat (D:1)
100 creatures vanquished.

Vanquished Creatures (collateral kills)
  A jelly (D:6)
  An orc wizard (D:6)
2 creatures vanquished.

Vanquished Creatures (others)
  3 plants (D:3)
3 creatures vanquished.

Grand Total: 105 creatures vanquished

Notes
Turn   | Place    | Note
-------+----------+-------------------------------------------
     0 | D:1      | concernfroge the Mummy Monk began the quest for the Orb.
     0 | D:1      | Reached XP level 1. HP: 18/18 MP: 1/1
   152 | D:1      | Found a faded altar of an unknown god.
   382 | D:1      | Reached XP level 2. HP: 21/24 MP: 2/2
  1061 | D:2      | Reached skill level 4 in Fighting
  1283 | D:2      | Gained mutation: You are in touch with the powers of death.
                  | [Mummy growth]
  1283 | D:2      | Reached XP level 3. HP: 29/30 MP: 3/3
  1734 | D:3      | Found a basalt altar of Yredelemnul.
  2314 | D:3      | Found a hide-covered altar of Uskayaw.
  2454 | D:3      | Found Wageraum's Book Shoppe.
  2655 | D:4      | Noticed Sigmund
  2670 | D:4      | Killed Sigmund
  2671 | D:4      | Reached skill level 6 in Fighting
  2671 | D:4      | Reached XP level 4. HP: 22/41 MP: 4/4
  2671 | D:4      | Reached XP level 5. HP: 25/47 MP: 5/5
  2877 | D:4      | Found a runed translucent gate.
  2877 | D:4      | Found a runed translucent gate.
  2926 | D:4      | Noticed a lemure
  2926 | D:4      | Noticed an ogre
  2927 | D:4      | Noticed a lemure
  2992 | D:4      | Found an ornate altar of the Wu Jian Council.
  3044 | D:5      | Entered Level 5 of the Dungeon
  3086 | D:5      | Reached XP level 6. HP: 44/53 MP: 6/6
  3236 | D:5      | Reached skill level 7 in Fighting
  3604 | D:4      | Found a runed translucent gate.
  3744 | D:4      | Reached skill level 8 in Fighting
  3845 | D:4      | Found an opulent altar of Gozag.
  3854 | D:4      | Became a worshipper of Gozag Ym Sagoz the Greedy
  3880 | D:4      | Noticed Duvessa
  3880 | D:4      | Noticed Dowan
  4134 | D:4      | Noticed Pikel
  4192 | D:5      | Reached XP level 7. HP: 62/62 MP: 7/7
  4574 | D:5      | Reached skill level 9 in Fighting
  4896 | D:5      | Found a runed translucent door.
  4897 | D:5      | Noticed Crazy Yiuf
  5011 | D:5      | Reached XP level 8. HP: 71/72 MP: 8/8
  5102 | D:5      | Killed Crazy Yiuf
  5217 | D:6      | Reached skill level 10 in Fighting
  5644 | D:6      | Noticed Grinder
  5656 | D:6      | Killed Grinder
  5660 | D:6      | Noticed Prince Ribbit
  5672 | D:6      | Killed Prince Ribbit
  5673 | D:6      | Reached skill level 5 in Polearms
  6180 | D:6      | Reached XP level 9. HP: 62/78 MP: 9/9
  6581 | D:6      | Found an iron altar of Okawaru.
  6822 | D:7      | Noticed a gargoyle
  7157 | D:7      | Found a staircase to the Ecumenical Temple.
  7224 | Temple   | Entered the Ecumenical Temple
  7705 | D:7      | Found Vinniemp's Magic Scroll Emporium.
  7848 | D:7      | Killed from afar by a gargoyle

Illustrated notes

Levels and vault maps discovered:
D:1:      minmay_arrival_cross, layout_basic,
          shapermc_ecumenical_altar_totnotflames
D:2:      layout_basic
D:3:      layout_loops_ring, mainiacjoe_overflow_catwalk,
          yredelemnul_altar_generic, serial_shops, nicolae_diamond_shop,
          serial_forest, infiniplex_forest_lined_room_2,
          infiniplex_forest_lined_3_way, infiniplex_forest_corner_1,
          infiniplex_forest_lined_corner, infiniplex_forest_clump_long,
          infiniplex_forest_corner_2, infiniplex_forest_lined_room_3
D:4:      layout_cave_pods, mainiacjoe_overflow_surrounded_room,
          nzn_wu_jian_contemplation, gammafunk_ghost_icy, uniq_sigmund,
          uniq_pikel, uniq_duvessa
D:5:      layout_loops_cross, uniq_crazy_yiuf_cottage
D:6:      layout_loops_cross, mainiacjoe_overflow_alcove_2, uniq_grinder,
          uniq_prince_ribbit1
D:7:      layout_basic, kennysheep_mini_moat, minmay_temple_entry_slanted,
          serial_shops, nicolae_take_the_stairs
Temple:   nicolae_temple_bog_church

Skill      XL: |  1  2  3  4  5  6  7  8  9 |
---------------+----------------------------+-----
Fighting       | 4 6 8 9 10 | 10.0
Polearms       | 6 8 |  8.0
Dodging        | |  2.4
Stealth        | |  1.5

Action                   |  1- 3 |  4- 6 |  7- 9 || total
-------------------------+-------+-------+-------++-------
Melee: Spear             |    90 |       |       ||    90
       Trident           |    24 |    69 |   251 ||   344
       War axe           |    21 |       |    29 ||    50
Throw: Dart              |     5 |     7 |       ||    12
       Boomerang         |       |       |     1 ||     1
Evoke: Wand              |       |       |    12 ||    12
  Use: Scroll            |     1 |    10 |    11 ||    22
 Stab: Sleeping          |     6 |       |     1 ||     7
       Distracted        |       |       |     1 ||     1
Armor: Robe              |     8 |       |       ||     8
       Ring mail         |    23 |    27 |    26 ||    76
       Scale mail        |       |       |   128 ||   128
Dodge: Dodged            |    53 |    37 |   114 ||   204
Block: Buckler           |    11 |    12 |    53 ||    76
